 Dungeon Crawl Stone Soup version 0.20-a0-972-gb9bd3e6 (webtiles) character file.

913 nikopol the Magician (level 7, -3/37 HPs)
             Began as a Deep Elf Fire Elementalist on Apr 8, 2017.
             Slain by a sky beast (5 damage)
             ... on level 4 of the Dungeon on Apr 9, 2017.
             The game lasted 00:29:07 (4689 turns).

nikopol the Magician (Deep Elf Fire Elementalist)   Turns: 4689, Time: 00:29:09

Health: -3/37      AC:  6    Str:  5    XL:     7   Next: 82%
Magic:  23/28      EV: 13    Int: 22    God:
Gold:   251        SH:  0    Dex: 12    Spells: 9/20 levels left

rFire    . . .     SeeInvis .   p - +2 dagger (protect)
rCold    . . .     Gourm    .   (no shield)
rNeg     . . .     Faith    .   z - +2 robe {MR+}
rPois    .         Spirit   .   d - +2 hat
rElec    .         Reflect  .   (no cloak)
rCorr    .         Harm     .   (no gloves)
MR       +....                  (no boots)
Stlth    ++........             (no amulet)
Regen    0.2/turn               l - ring of magical power
MPRegen  0.3/turn               t - -3 ring of dexterity (curse)

@: no status effects
A: no striking features
a: no special abilities


You were on level 4 of the Dungeon.
You were hungry.

You visited 1 branch of the dungeon, and saw 5 of its levels.

You collected 251 gold pieces.

Inventory:

Hand Weapons
 f - a +0 short sword
 p - a +2 dagger of protection (weapon)
Armour
 a - a +0 robe
 d - a +2 hat (worn)
 z - a +2 robe of magic resistance (worn)
Jewellery
 l - a ring of magical power (left hand)
 t - a cursed -3 ring of dexterity (right hand)
 D - an uncursed ring of flight {unknown}
Wands
 E - a wand of clouds (2/9)
Scrolls
 e - 2 scrolls of magic mapping {unknown}
 j - 2 scrolls of amnesia {unknown}
 k - 2 scrolls of teleportation
 m - 5 scrolls of identify
 q - a scroll of enchant weapon {unknown}
 r - a scroll of random uselessness {unknown}
 v - 2 scrolls of noise {unknown}
 w - a scroll of enchant armour {unknown}
 y - a scroll of immolation {unknown}
 C - a scroll of fog {unknown}
Potions
 g - 2 potions of brilliance
 i - a potion of magic
 n - a potion of degeneration {unknown}
 s - a potion of haste {unknown}
 u - a potion of berserk rage {unknown}
 A - a potion of heal wounds {unknown}
 B - a potion of agility {unknown}
Books
 b - a book of Flames

   Spells                             Type                      Level
   a - Flame Tongue                   Conjuration/Fire             1
   b - Throw Flame                    Conjuration/Fire             2
   c - Conjure Flame                  Conjuration/Fire             3
   d - Inner Flame                    Hexes/Fire                   3
   e - Sticky Flame                   Conjuration/Fire             4
   f - Fireball                       Conjuration/Fire             5
Comestibles
 c - 4 bread rations
 h - 8 fruits
 o - 2 royal jellies
 x - a meat ration


   Skills:
 + Level 0.4 Fighting
 + Level 3.2 Dodging
 + Level 4.0 Stealth
 + Level 7.4 Spellcasting
 + Level 5.0 Conjurations
 + Level 5.9 Fire Magic


You had 9 spell levels left.
You knew the following spells:

 Your Spells              Type           Power        Failure   Level  Hunger
a - Flame Tongue          Conj/Fire      ####.        1%          1    None
b - Throw Flame           Conj/Fire      ####..       1%          2    None
c - Conjure Flame         Conj/Fire      ####....     2%          3    None
d - Fireball              Conj/Fire      ####......   28%         5    #####..


Dungeon Overview and Level Annotations

Branches:
Dungeon (5/15)
 Temple: D:4-7

Altars:
Gozag
Hepliaklqana
Qazlal
Ru
Trog
Yredelemnul
Zin

Shops:
D:4 (


Message History

Something hits you but does no damage.
Casting: Conjure Flame
Confirm with . or Enter, or press ? or * to list all spells.
Okay, then.
Casting: Conjure Flame
Confirm with . or Enter, or press ? or * to list all spells.
Aiming: Flame Tongue
Press: ? - help, Shift-Dir - straight line The flame tongue hits something.
Something hits you.
* * * LOW HITPOINT WARNING * * *
Something shocks you.
* * * LOW HITPOINT WARNING * * *
Casting: Flame Tongue
Confirm with . or Enter, or press ? or * to list all spells.
Aiming: Flame Tongue
Press: ? - help, Shift-Dir - straight line Something hits you.
* * * LOW HITPOINT WARNING * * *
Something shocks you.
You die...

##### ##..........##
##..(# #..........##
##....## #..........#
##......# ##..........#
#.......# #...........#
#.......# #..........##
##.......####..........#
#........##[...........#
#.......>.@##.........##
#........####.........#
#.......## ######..###
##......# ##..#
#.####### #..# ### #.)#
### ##.## #.# #..# ##.#
#.[#


There were no monsters in sight!

Vanquished Creatures
  Pikel (D:4)
  Duvessa (D:4)
  4 slaves (D:4)
  An ogre (D:4)
  Dowan (D:4)
  2 hounds
  Terence (D:3)
  An iguana (D:4)
  A worker ant (D:4)
  4 adders
  4 worms
  3 dart slugs
  3 leopard geckos
  7 giant cockroaches
  2 gnoll zombies (D:3)
  8 goblins
  7 hobgoblins
  3 jackals (D:3)
  3 quokkas
  8 bats
  4 frilled lizards
  10 kobolds
  6 rats
85 creatures vanquished.

Notes
Turn   | Place    | Note
-------+----------+-------------------------------------------
     0 | D:1      | nikopol the Deep Elf Fire Elementalist began the quest for the Orb.
     0 | D:1      | Reached XP level 1. HP: 10/10 MP: 6/6
   195 | D:1      | Reached XP level 2. HP: 14/15 MP: 0/8
   823 | D:2      | Reached XP level 3. HP: 19/19 MP: 7/9
  1127 | D:2      | Found a glowing silver altar of Zin.
  1319 | D:2      | Found a bloodstained altar of Trog.
  1547 | D:2      | Found a sacrificial altar of Ru.
  1570 | D:2      | Learned a level 2 spell: Throw Flame
  1574 | D:2      | Learned a level 3 spell: Conjure Flame
  1787 | D:3      | Found a hazy altar of Hepliaklqana.
  1911 | D:3      | Upgraded the game from 0.20-a0-971-g5896763 to 0.20-a0-972-gb9bd3e6
  1933 | D:3      | Reached XP level 4. HP: 22/24 MP: 11/11
  2098 | D:3      | Noticed Terence
  2321 | D:3      | Killed Terence
  2544 | D:3      | Reached skill level 4 in Spellcasting
  2792 | D:3      | Found an opulent altar of Gozag.
  2835 | D:3      | Reached XP level 5. HP: 20/28 MP: 13/13
  3006 | D:3      | Found a basalt altar of Yredelemnul.
  3153 | D:4      | Noticed a slave
  3209 | D:4      | Noticed an ogre
  3215 | D:4      | Killed an ogre
  3215 | D:4      | Reached skill level 5 in Spellcasting
  3262 | D:4      | Noticed Duvessa
  3268 | D:4      | Noticed Dowan
  3268 | D:4      | Killed Duvessa
  3268 | D:4      | Reached XP level 6. HP: 33/33 MP: 12/16
  3430 | D:4      | Killed Dowan
  3897 | D:4      | Reached skill level 6 in Spellcasting
  3897 | D:4      | Reached skill level 5 in Fire Magic
  4083 | D:4      | Found Alazuoq's Antique Weapon Boutique.
  4138 | D:4      | Noticed a slave
  4141 | D:4      | Noticed Pikel
  4141 | D:4      | Noticed a slave
  4143 | D:4      | Noticed a slave
  4147 | D:4      | Killed a slave
  4159 | D:4      | Killed a slave
  4314 | D:4      | Killed a slave
  4390 | D:4      | Killed a slave
  4468 | D:4      | Killed Pikel
  4468 | D:4      | Reached skill level 7 in Spellcasting
  4468 | D:4      | Reached skill level 5 in Conjurations
  4468 | D:4      | Reached XP level 7. HP: 37/37 MP: 14/19
  4475 | D:4      | Learned a level 5 spell: Fireball
  4522 | D:5      | Entered Level 5 of the Dungeon
  4544 | D:5      | Found a stormy altar of Qazlal.
  4689 | D:4      | Slain by a sky beast

Vault maps used:
D:1:      sevenhm_arrival_forest_fort_large_2, hangedman_decor_opposing,
          minmay_tripent
D:2:      zin_statuary, marbit_many_paths, first_bread, trog_hazing_becter
D:3:      lemuel_zombie_altar_yredelemnul, old_standard_altar,
          lemuel_crystal_altar, uniq_terence
D:4:      serial_shops, nicolae_shop_behind_doors, uniq_pikel, uniq_duvessa
D:5:      grunt_qazlal_sundering

Skill      XL: |  1  2  3  4  5  6 |
---------------+-------------------+-----
Stealth        | 3 4 |  4.0
Conjurations   | 2 3 5 |  5.0
Fire Magic     | 4 5 |  5.9
Spellcasting   | 4 5 7 |  7.4
Dodging        | 3 |  3.2
Fighting       | |  0.4

Action                   |  1- 3 |  4- 6 |  7- 9 || total
-------------------------+-------+-------+-------++-------
Melee: Short sword       |    10 |       |       ||    10
       Dagger            |       |       |     3 ||     3
 Cast: Flame Tongue      |    88 |   111 |     3 ||   202
       Throw Flame       |       |    32 |     3 ||    35
       Conjure Flame     |       |     9 |     2 ||    11
  Use: Scroll            |     2 |     1 |       ||     3
 Stab: Sleeping          |     4 |       |       ||     4
  Eat: Chunk             |     3 |     8 |       ||    11
Armor: Robe              |    10 |     2 |     4 ||    16
Dodge: Dodged            |    37 |    16 |     1 ||    54
